 Dungeon Crawl Stone Soup version 0.26-a0-639-g72c4674329 (webtiles) character file.

Game seed: 17439392945553472557

126 ANON1729 the Ruffian (level 4, -8/45 HPs)
             Began as a Troll Monk on Sept 15, 2020.
             Mangled by Crazy Yiuf
             ... wielding a +2 quarterstaff of chaos
              (9 damage)
             ... while petrified by Crazy Yiuf
             ... on level 2 of the Dungeon.
             The game lasted 00:03:12 (1816 turns).

ANON1729 the Ruffian (Troll Monk)                   Turns: 1816, Time: 00:03:13

Health: -8/45      AC:  6    Str: 20    XL:     4   Next: 83%
Magic:  0/3        EV:  1    Int:  6    God:
Gold:   123        SH:  0    Dex: 12    Spells: 3/3 levels left

rFire    . . .     SeeInvis .     - Unarmed
rCold    . . .     Faith    .   (no shield)
rNeg     + + +     Spirit   .   a - +0 robe
rPois    ∞         Reflect  .   (helmet restricted)
rElec    .         Harm     .   (no cloak)
rCorr    .         Rampage  .   (gloves unavailable)
MR       .....                  (boots unavailable)
Stlth    ++........             (no amulet)
HPRegen  0.55/turn              (no ring)
MPRegen  0.08/turn              (no ring)

@: petrified
A: large, unfitting armour, claws 3, regeneration 1, shaggy fur 1, tough skin 3
a: no special abilities


You were on level 2 of the Dungeon.
You visited 1 branch of the dungeon, and saw 2 of its levels.

You collected 123 gold pieces.

Inventory:

Armour
 a - a +0 robe (worn)
Jewellery
 d - a +6 ring of dexterity {unknown}
Scrolls
 b - 4 scrolls of teleportation {unknown}
 e - 2 scrolls of remove curse {unknown}
 f - a scroll of enchant weapon {unknown}
 i - 3 scrolls of identify {unknown}
 j - a scroll of blinking {unknown}
Potions
 c - a potion of lignification {unknown}
 g - a potion of cancellation {unknown}
 h - a potion of invisibility {unknown}
 k - a potion of stabbing {unknown}


   Skills:
 + Level 3.1 Fighting
 + Level 3.1 Dodging
 + Level 1.7 Stealth
 + Level 3.7 Unarmed Combat


You had 3 spell levels left.
You didn't know any spells.
Your spell library was empty.

Dungeon Overview and Level Annotations

Branches:
Dungeon (2/15)

Altars:

Annotations:
D:2 Crazy Yiuf


Innate Abilities, Weirdness & Mutations

You are too large for most types of armour.
You have claws for hands.
Your natural rate of healing is unusually fast.
You are covered in fur. (AC +1)
You have extremely tough skin. (AC +3)


Message History

Crazy Yiuf hits you with a +2 quarterstaff of chaos!
Crazy Yiuf screams, "Snower!"
Crazy Yiuf barely misses you.
You have turned to stone.
Crazy Yiuf cries, "Papa infinity sizzlefizz!"
Crazy Yiuf hits you with a +2 quarterstaff of chaos.
Crazy Yiuf freezes you.
Crazy Yiuf hits you with a +2 quarterstaff of chaos.
Crazy Yiuf sings, "Trees, trees, trees, circus!"
Crazy Yiuf hits you with a +2 quarterstaff of chaos!
Crazy Yiuf burns you.
Crazy Yiuf hits you with a +2 quarterstaff of chaos!
You feel your power leaking away.
Crazy Yiuf hits you with a +2 quarterstaff of chaos.
* * * LOW HITPOINT WARNING * * *
You are electrocuted!
* * * LOW HITPOINT WARNING * * *
Crazy Yiuf hits you with a +2 quarterstaff of chaos!
* * * LOW HITPOINT WARNING * * *
Space warps horribly around you!!
You die...

.#.##...#.#### #.#
#.##### ..........#
#.# #.# .#.##...###
#.# ###.### .#.###.##
### #.....# .#.# #.#
###.#.# †..# #.# #.#.#
.#####'## ###
######.#.## .# ##...##
#)..### ##..#......#
.###.....#
#...g@####.#....÷#..#
.##......#
#...##..#......#.#..##
.#.......# ###
###.#...#.......#
.'.......#
#######........
......(..# #####...#
..#......# ###
########.## ..##.....#
####.# #........#
.####...## #....#
########.# .# ##'##
#.#### #.#


You could see Crazy Yiuf.

Vanquished Creatures
  Jessica (D:2)
  Robin (D:2)
  3 worms (D:2)
  5 dart slugs
  4 leopard geckos
  11 bats
  3 giant cockroaches
  15 goblins
  5 hobgoblins
  4 jackals (D:1)
  2 kobolds
  A quokka (D:2)
  A ball python (D:1)
  2 frilled lizards (D:1)
  5 rats
63 creatures vanquished.

Notes
Turn   | Place    | Note
-------+----------+-------------------------------------------
     0 | D:1      | ANON1729 the Troll Monk began the quest for the Orb.
     0 | D:1      | Reached XP level 1. HP: 22/22 MP: 0/0
   136 | D:1      | Reached XP level 2. HP: 25/29 MP: 1/1
   373 | D:1      | Reached XP level 3. HP: 35/36 MP: 2/2
   980 | D:2      | Noticed Robin
   990 | D:2      | Killed Robin
   990 | D:2      | Reached XP level 4. HP: 16/44 MP: 3/3
  1565 | D:2      | Noticed Jessica
  1569 | D:2      | Killed Jessica
  1611 | D:2      | Found a runed translucent door.
  1612 | D:2      | Noticed Crazy Yiuf
  1816 | D:2      | HP: 1/45 [Crazy Yiuf/+2 quarterstaff of chaos (6)]
  1816 | D:2      | Mangled by Crazy Yiuf

Illustrated notes

Levels and vault maps discovered:
D:1:      tarquinn_simple_flora_water_f, layout_basic
D:2:      minmay_evil_eye, layout_loops_corners, minmay_unequal, uniq_jessica,
          uniq_robin, uniq_crazy_yiuf_cottage

Skill      XL: |  1  2  3  4 |
---------------+-------------+-----
Dodging        | 3 |  3.1
Fighting       | 3 |  3.1
Stealth        | |  1.7
Unarmed Combat | |  3.7

Action                   |  1- 3 |  4- 6 || total
-------------------------+-------+-------++-------
Melee: Unarmed           |   117 |    63 ||   180
       Punch             |     1 |     2 ||     3
 Stab: Sleeping          |     1 |     2 ||     3
Armor: Robe              |    41 |    22 ||    63
Dodge: Dodged            |    67 |    48 ||   115

Table legend: (Time is in decaauts)
 A = Elapsed time spent in this place.
 B = Non-inter-level travel time spent in this place.
 C = Inter-level travel time spent in this place.
 D = Time resting spent in this place.
 E = Time spent auto-exploring this place.
 F = Levels seen in this place.
 G = Mean time per level.
                   A        B        C        D        E       F      G
               +--------+--------+--------+--------+--------+-----+--------+
         Total |   1805 |   1784 |     21 |      0 |   1445 |   2 |  902.5 |
       Dungeon |   1805 |   1784 |     21 |      0 |   1445 |   2 |  902.5 |
               +--------+--------+--------+--------+--------+-----+--------+

Top non-repeatable levels by time:
     D:2: 1086 daAuts
     D:1: 719 daAuts
